 Dungeon Crawl Stone Soup version 0.24-a0-584-g9d6b971ae4 (webtiles) character file.

Game seed: 13725656391330576892, levelgen mode: deterministic

0 Flugkiller the Gusty (level 1, -2/10 HPs)
             Began as a Kobold Air Elementalist on Aug 29, 2019.
             Slain by a leopard gecko (5 damage)
             ... on level 1 of the Dungeon.
             The game lasted 00:00:44 (303 turns).

Flugkiller the Gusty (Kobold Air Elementalist)       Turns: 303, Time: 00:00:45

Health: -2/10      AC:  2    Str:  5    XL:     1   Next: 0%
Magic:  0/3        EV: 15    Int: 16    God:
Gold:   6          SH:  0    Dex: 15    Spells: 3/4 levels left

rFire    . . .     SeeInvis .   (weapon restricted)
rCold    . . .     Gourm    .   (shield restricted)
rNeg     . . .     Faith    .   a - +0 robe
rPois    .         Spirit   .   (no helmet)
rElec    .         Reflect  .   (no cloak)
rCorr    .         Harm     .   (no gloves)
MR       .....                  (no boots)
Stlth    ++........             (no amulet)
HPRegen  0.03/turn              (no ring)
MPRegen  0.08/turn              (no ring)

@: no status effects
A: small, carnivore
a: no special abilities


You were on level 1 of the Dungeon.
You were not hungry.

You visited 1 branch of the dungeon, and saw 1 of its levels.

You collected 6 gold pieces.

Inventory:

Armour
 a - a +0 robe (worn)
Jewellery
 b - a cursed -5 ring of dexterity {unknown}
   (You found it on level 1 of the Dungeon)
Scrolls
 d - a scroll of fear {unknown}
Comestibles
 c - 2 rations


   Skills:
 - Level 2.4 Dodging
 - Level 2.6 Stealth
 + Level 2.1 Spellcasting
 - Level 1.0 Conjurations
 - Level 3.0 Air Magic


You had 3 spell levels left.
You knew the following spells:

 Your Spells              Type           Power        Failure   Level  Hunger
a - Shock                 Conj/Air       #...         9%          1    #......

Your spell library contained the following spells:

 Spells                   Type           Power        Failure   Level  Hunger
 Swiftness                Chrm/Air       #.......     17%         2    ###....
 Static Discharge         Conj/Air       #.......     26%         3    ###....
 Airstrike                Air            ##........   52%         4    #####..
 Lightning Bolt           Conj/Air       #.........   94%         5    ######.


Dungeon Overview and Level Annotations

Branches:
Dungeon (1/15)

Altars:


Innate Abilities, Weirdness & Mutations

You are small and have problems with some larger weapons.
You are carnivorous and can eat meat at any time.


Message History

Casting: Shock (safe; 9% risk of failure)
Confirm with . or Enter, or press ? or * to list all spells.
You don't have enough magic to cast that spell.
Unknown command.
Unknown command.
Unknown command.
Unknown command.
The leopard gecko completely misses you.
Casting: Shock (safe; 9% risk of failure)
Confirm with . or Enter, or press ? or * to list all spells.
Aiming: Shock (safe; 9% risk of failure)
Press: ? - help, Shift-Dir - straight line, p - leopard gecko The zap misses the leopard gecko. x2; The leopard gecko barely misses you.
Unknown command.
You barely miss the leopard gecko.
The leopard gecko is almost dead.
The leopard gecko bites you.
Unknown command.
You miss the leopard gecko.
The leopard gecko is almost dead.
The leopard gecko closely misses you.
Unknown command.
You barely miss the leopard gecko.
The leopard gecko is almost dead.
The leopard gecko barely misses you.
Unknown command.
You hit the leopard gecko but do no damage.
The leopard gecko is almost dead.
The leopard gecko bites you but does no damage.
The leopard gecko bites you.
* * * LOW HITPOINT WARNING * * *
Your magical contamination has completely faded away.
The leopard gecko bites you.
* * * LOW HITPOINT WARNING * * *
There is an open gate here.
Casting: Shock (safe; 9% risk of failure)
Confirm with . or Enter, or press ? or * to list all spells.
Aiming: Shock (safe; 9% risk of failure)
Press: ? - help, Shift-Dir - straight line, f - leopard gecko
Aim: a leopard gecko (almost dead, clinging)
The zap misses the leopard gecko.
The zap hits the fungus.
The fungus is lightly damaged.
The leopard gecko closely misses you.
You aren't carrying any items that you can evoke.
Unknown command.
You miss the leopard gecko.
The leopard gecko is almost dead.
The leopard gecko bites you.
Ouch! That really hurt!
You die...

#..# ######.######
###....PP.....###
....(..P.P.......
....≈§≈..P≈≈≈....
≈≈≈≈≈≈≈P.P≈≈≈≈≈≈≈
..§§§§≈≈§§≈≈§§P.P≈≈≈≈≈≈≈≈≈≈≈≈.
≈≈≈§#≈≈≈§§≈##l''##≈≈≈≈≈≈#≈≈≈≈
§≈#≈§§#≈§≈≈###@P..P###≈≈≈≈#≈≈≈#
#≈§§#§≈§#§§≈##...P.PP..##≈≈≈#≈≈≈#
#§≈≈#≈≈≈#≈§≈#P....P.....#≈≈≈#≈≈≈#
#≈≈≈#§§≈#§§≈#P....8...P.#≈≈≈#≈≈≈#
#≈≈≈#≈≈≈#≈≈≈#...PP.....P#≈≈≈#≈≈≈#
#...#...#...##PP.......##...#...#
#...#...#...####P...P####...#...#
#...#..(#...##.###'###.##...#...#
#...#...#...#...#...#...#...#...#


You could see a leopard gecko.

Vanquished Creatures
  A fungus (D:1)
1 creature vanquished.

Notes
Turn   | Place    | Note
-------+----------+-------------------------------------------
     0 | D:1      | Flugkiller the Kobold Air Elementalist began the quest for
                  | the Orb.
     0 | D:1      | Reached XP level 1. HP: 10/10 MP: 3/3
   303 | D:1      | Slain by a leopard gecko

Levels and vault maps discovered:
D:1:      dpeg_arrival_water_fire, layout_basic, minmay_misc_feat_chi,
          bh_walls_and_bars

Action                   || total
-------------------------++-------
Melee: Unarmed           ||    66
 Cast: Shock             ||     4
Armor: Robe              ||     1
Dodge: Dodged            ||     5

Table legend:
 A = Non-vault XP
 B = Vault XP
 C = Vault XP percentage of total XP
 D = Non-vault monster count
 E = Vault monster count
 F = Vault count percentage of total count
                 A         B        C        D         E       F
            +---------+---------+-------+---------+---------+-------
      Total |       0 |       0 |   N/A |       0 |       0 |  -nan
            +---------+---------+-------+---------+---------+-------
            +---------+---------+-------+---------+---------+-------
